Map: Orbital Shipyard

Players

Beastyqt

  • Race: Terran Terran
  • League: Master

HuK - Winner!

  • Race: Protoss Protoss
  • League: Grandmaster

Event: Gauntlet Monday Night

VOD

Have the link to the VOD?

Description

Time

  • Played on: Jan. 4, 2016, 1:24 p.m.
  • Length: 12:50
Show
View Real Time Build Order
Export as new Build Order

Beastyqt Terran 

Build Orders: Liberator Opening, MMM Bio 

Get SALT Encoding   

  12  0:01  SCV  
  13  0:13  SCV  
  14  0:17  Supply Depot  
  14  0:25  SCV  
  15  0:39  SCV  
  16  0:44  Barracks  
  16  0:45  Refinery  
  16  0:51  SCV  
  17  1:03  SCV  
  18  1:15  SCV  
  19  1:30  Orbital Command  
  19  1:31  Barracks Reactor  
  19  1:41  Command Center  
  19  1:55  Supply Depot  
  19  1:57  SCV  
  20  2:07  Marine x2  
  22  2:09  SCV  
  23  2:20  Factory  
  23  2:21  SCV  
  24  2:25  Marine x2  
  26  2:34  Refinery  
  26  2:36  SCV  
  27  2:43  Marine x2  
  29  2:50  SCV  
  30  2:53  Orbital Command  
  30  3:02  SCV, Marine x2  
  30  3:05  Starport  
  33  3:07  Factory Tech Lab  
  33  3:13  Supply Depot  
  33  3:15  SCV  
  34  3:21  SCV  
  35  3:27  SCV  
  35  3:29  Cyclone  
  35  3:33  SCV  
  35  3:34  Liberator  
  40  3:39  SCV  
  40  3:40  Marine  
  40  3:41  Marine  
  43  3:44  Supply Depot  
  43  3:45  SCV  
  44  3:53  SCV  
  48  3:59  SCV  
  48  4:05  SCV  
  49  4:10  Command Center  
  49  4:12  SCV  
  49  4:17  Marine x2  
  50  4:18  SCV  
  50  4:21  Siege Tank  
  56  4:27  SCV  
  56  4:28  Supply Depot  
  57  4:31  SCV  
  57  4:32  Liberator  
  58  4:39  SCV  
  58  4:40  Marine x2  
  61  4:47  SCV, Engineering Bay  
  61  4:49  Supply Depot  
  65  4:53  SCV  
  66  5:03  Barracks  
  66  5:04  SCV  
  66  5:06  Barracks  
  67  5:08  Marine x2  
  67  5:12  SCV  
  70  5:15  Missile Turret  
  70  5:16  Siege Tank  
  70  5:19  SCV  
  70  5:20  Refinery  
  70  5:21  Refinery  
  74  5:22  Orbital Command  
  74  5:24  SCV  
  75  5:31  SCV, Marine x2  
  77  5:36  Terran Infantry Weapons Level 1  
  77  5:40  SCV  
  77  5:42  Starport Reactor  
  78  5:47  Supply Depot  
  78  5:48  Supply Depot  
  78  5:49  Marine x2  
  80  5:50  Orbital Command  
  80  5:53  SCV x2  
  83  5:57  Barracks Tech Lab x2  
  83  5:58  Siege Tank  
  85  6:08  SCV  
  85  6:10  SCV  
  87  6:16  Barracks x2, Missile Turret  
  87  6:17  SCV  
  87  6:18  Barracks  
  88  6:20  SCV  
  88  6:21  Missile Turret  
  88  6:23  Bunker  
  89  6:29  SCV  
  89  6:30  Combat Shields, Stimpack, Marauder  
  92  6:34  SCV  
  92  6:38  SCV  
  94  6:41  Supply Depot  
  94  6:43  Marine x2  
  94  6:44  Supply Depot, Medivac  
  94  6:45  Medivac  
  100  6:49  SCV x2  
  100  6:52  SCV  
  103  6:59  Marauder x2  
  107  7:02  SCV  
  107  7:03  SCV, Siege Tank, Supply Depot  
  107  7:05  SCV  
  107  7:07  Barracks Reactor, Barracks Tech Lab  
  113  7:08  Barracks Tech Lab  
  113  7:10  Marine x2  
  113  7:14  SCV  
  113  7:15  SCV  
  116  7:18  Medivac  
  118  7:23  Supply Depot, Marine, Medivac  
  118  7:24  Supply Depot, Marine  
  118  7:25  SCV  
  118  7:28  Refinery x2, Concussive Shells, Marine x2  
  118  7:29  Marine  
  126  7:32  Supply Depot, Marine  
  127  7:40  SCV  
  127  7:41  Marine x2  
  129  7:46  Marine  
  129  7:47  Factory Reactor  
  129  7:50  Marauder, Marine x2  
  134  7:53  Armory  
  134  7:57  Terran Infantry Armor Level 1, Marine  
  135  7:58  SCV x2  
  135  8:02  Ghost Academy, Engineering Bay  
  135  8:04  Missile Turret  
  137  8:07  Missile Turret x2  
  137  8:08  Marine x2  
  137  8:09  Medivac  
  137  8:10  Missile Turret, Medivac  
  137  8:11  Marine  
  144  8:24  Command Center  
  143  8:38  Marine x3, Ghost x2, Marauder x2  
  143  8:39  Marine  
  155  8:43  Supply Depot  
  155  8:53  Terran Infantry Weapons Level 2  
  155  8:54  Terran Vehicle And Ship Armor Level 1  
  155  8:56  Supply Depot x2, Marine  
  156  9:03  Marine  
  156  9:04  Medivac, Marine  
  156  9:05  Marauder x2  
  164  9:12  Medivac  
  164  9:14  Marine x2  
  164  9:16  Marauder  
  164  9:18  Marauder  
  163  9:27  Marauder x2, Marine  
  168  9:36  Widow Mine x2  
  142  9:39  Marine x2  
  112  9:47  Personal Cloaking, Ghost  
  112  9:49  Marine x2  
  109  10:01  Ghost x3  
  109  10:02  Marine x2  
  109  10:07  Terran Infantry Armor Level 2, Marine  
  114  10:27  Command Center  
  114  10:28  Marauder, Marine x2  
  118  10:30  Marauder  
  120  10:40  Medivac x2  
  124  10:46  Widow Mine x2  
  124  10:47  Ghost, Marine  
  124  10:48  Marine x3  
  134  10:52  Refinery  
  134  10:59  Missile Turret  
  134  11:06  Ghost  
  134  11:07  Marine x5  
  134  11:08  Marine  
  142  11:18  Widow Mine x2  
  144  11:34  Ghost x2, Medivac x2  
  144  11:35  Marine  
  153  11:46  Missile Turret  
  152  12:00  Marauder x2, Marine x4  
  159  12:03  Marine  
  159  12:05  Marine  
  159  12:08  SCV x2  
  163  12:16  SCV, Missile Turret  
  163  12:18  Marine  
  163  12:19  Marine x3  
  163  12:20  SCV  
Show
View Real Time Build Order
Export as new Build Order

HuK Protoss - Winner!

Build Orders: Double Forge, Nexus First, Phoenix Opening, Zealot Archon 

Get SALT Encoding   

  12  0:00  Probe (Chrono Boost)  
  13  0:11  Probe (Chrono Boost)  
  14  0:18  Pylon  
  14  0:22  Probe (Chrono Boost)  
  15  0:36  Probe (Chrono Boost)  
  16  0:47  Probe (Chrono Boost)  
  17  1:00  Nexus  
  17  1:07  Gateway  
  17  1:09  Probe (Chrono Boost)  
  18  1:16  Assimilator  
  18  1:20  Probe (Chrono Boost)  
  18  1:22  Assimilator  
  19  1:30  Probe (Chrono Boost)  
  20  1:36  Gateway  
  20  1:41  Probe (Chrono Boost)  
  21  1:51  Probe (Chrono Boost)  
  22  1:54  Cybernetics Core  
  22  2:02  Probe (Chrono Boost)  
  23  2:12  Probe (Chrono Boost)  
  24  2:16  Probe (Chrono Boost)  
  25  2:23  Probe (Chrono Boost)  
  25  2:27  Probe (Chrono Boost)  
  27  2:31  Warp Gate (Chrono Boost)  
  27  2:33  Mothership Core (Chrono Boost)  
  33  2:38  Probe (Chrono Boost)  
  30  2:49  Probe (Chrono Boost), Stargate  
  31  2:53  Probe (Chrono Boost)  
  32  2:59  Probe (Chrono Boost)  
  32  3:01  Pylon  
  32  3:04  Probe (Chrono Boost)  
  34  3:06  Pylon  
  34  3:08  Adept x2  
  40  3:20  Probe x2 (Chrono Boost)  
  40  3:24  Forge  
  40  3:30  Probe (Chrono Boost), Phoenix  
  40  3:31  Probe (Chrono Boost)  
  44  3:42  Probe  
  44  3:48  Probe  
  46  3:52  Nexus  
  46  3:53  Pylon, Phoenix  
  46  3:54  Probe  
  47  4:02  Probe  
  50  4:05  Assimilator x2  
  50  4:09  Twilight Council  
  50  4:15  Phoenix  
  50  4:19  Probe x2  
  54  4:31  Probe x2, Protoss Ground Armor Level 1 (Chrono Boost)  
  56  4:37  Gateway  
  56  4:40  Gateway  
  56  4:41  Charge (Chrono Boost)  
  56  4:42  Forge  
  56  4:43  Probe x2  
  58  4:55  Probe  
  58  4:58  Probe  
  60  5:06  Probe  
  60  5:08  Probe  
  60  5:10  Probe  
  63  5:14  Protoss Ground Weapons Level 1 (Chrono Boost)  
  63  5:15  Assimilator  
  63  5:20  Probe  
  63  5:21  Probe, Assimilator  
  65  5:24  Templar Archives  
  65  5:30  Probe  
  66  5:36  Probe  
  66  5:39  Gateway  
  66  5:41  Gateway  
  66  5:42  Probe x2  
  69  5:45  Gateway  
  69  5:48  Probe  
  70  5:53  Gateway  
  70  5:55  Phoenix  
  70  5:58  Probe x2  
  70  6:00  Probe  
  70  6:02  Pylon  
  73  6:05  Pylon  
  73  6:08  High Templar x2  
  77  6:12  Pylon  
  77  6:15  Pylon  
  77  6:16  Pylon  
  77  6:20  Probe x3  
  80  6:27  Protoss Ground Armor Level 2 (Chrono Boost)  
  80  6:28  Phoenix  
  80  6:32  Probe x2  
  80  6:34  Pylon  
  80  6:37  High Templar x2  
  80  6:38  Archon  
  84  6:41  Photon Cannon  
  84  6:43  Archon, Photon Cannon  
  84  6:44  Zealot x2  
  88  6:50  Robotics Facility  
  88  6:52  Protoss Ground Weapons Level 2 (Chrono Boost)  
  88  6:55  Phoenix  
  90  7:04  Zealot x2  
  90  7:05  Zealot x3  
  100  7:15  Zealot x2  
  104  7:18  Nexus  
  104  7:26  Pylon  
  104  7:27  Pylon  
  104  7:28  Phoenix  
  106  7:43  High Templar x3  
  106  7:44  Warp Prism (Chrono Boost)  
  112  7:46  High Templar  
  112  7:49  Archon  
  112  7:50  Archon  
  112  7:51  Zealot x4  
  118  7:55  Gateway  
  118  7:58  Gateway  
  124  7:59  Pylon  
  124  8:00  Gateway  
  124  8:06  Assimilator  
  124  8:11  Assimilator  
  124  8:12  Zealot x2, High Templar x2  
  128  8:13  Zealot  
  128  8:16  Archon  
  128  8:19  Observer (Chrono Boost)  
  135  8:27  Zealot x3  
  135  8:34  Protoss Ground Armor Level 3  
  139  8:35  High Templar x2  
  139  8:36  High Templar  
  139  8:38  Observer (Chrono Boost)  
  139  8:40  Archon  
  146  8:44  Zealot, High Templar  
  150  8:49  Archon  
  150  8:51  Zealot x3  
  156  9:06  Zealot, Pylon  
  156  9:07  Zealot x3  
  164  9:10  Pylon  
  164  9:12  Pylon  
  164  9:16  Zealot x2  
  148  9:32  Zealot x5  
  148  9:33  Zealot x4  
  142  9:43  Zealot x2  
  128  9:49  Probe x2, Observer  
  128  9:50  Probe  
  128  9:52  Assimilator  
  132  10:06  Protoss Ground Weapons Level 3  
  132  10:07  Warp Prism, High Templar x4  
  132  10:08  Mothership Core, High Templar  
  132  10:09  High Templar x3  
  132  10:10  Zealot x3  
  158  10:29  Probe, Photon Cannon  
  158  10:31  Pylon  
  158  10:32  Archon x3  
  158  10:33  Archon  
  159  10:38  Warp Prism  
  159  10:45  Pylon  
  161  10:52  Zealot x6  
  161  10:53  High Templar x3  
  179  10:58  Archon  
  179  11:02  Nexus  
  179  11:04  Pylon  
  174  11:34  Zealot  
  174  11:37  Pylon  
  174  11:40  Pylon  
  174  11:43  Dark Shrine, Assimilator  
  174  11:47  Assimilator  
  174  11:51  Observer, Photon Cannon  
  174  11:54  Photon Cannon  
  174  11:57  High Templar x2  
  174  11:58  High Templar x5  
  188  12:01  Archon  
  188  12:02  Archon x2  
  188  12:10  Observer, Photon Cannon  
  189  12:25  Zealot  
Tags
 
Add a new tag
Caveats
  • Supply blocks, unpowered buildings, or Contaminate may cause inaccurate times.
  • Supply counts are checked every 10 seconds.